 Dungeon Crawl Stone Soup version 0.23-a0-619-g281719c (console) character file.

19 Duffy the Skirmisher (level 2, 1/28 HPs)
             Began as a Naga Fighter on Dec 22, 2018.
             Quit the game on level 3 of the Dungeon.
             The game lasted 00:00:38 (666 turns).

Duffy the Skirmisher (Naga Fighter)                  Turns: 666, Time: 00:00:39

Health: 1/28       AC:  3    Str: 18    XL:     2   Next: 75%
Magic:  2/2        EV:  6    Int:  8    God:
Gold:   46         SH:  8    Dex: 10    Spells: 1/1 levels left

rFire    . . .     SeeInvis +   a - +0 war axe
rCold    . . .     Gourm    .   c - +0 shield
rNeg     . . .     Faith    .   e - +0 ring mail
rPois    +         Spirit   .   (no helmet)
rElec    .         Reflect  .   (no cloak)
rCorr    .         Harm     .   (no gloves)
MR       .....                  (no barding)
Stlth    ..........             (no amulet)
HPRegen  0.09/turn              (no ring)
MPRegen  0.08/turn              (no ring)

@: short of breath, very slow
A: large, see invisible, deformed body, poison resistance, slowness 2, slow
metabolism 1, spit poison 1, AC +0
a: Spit Poison


You were on level 3 of the Dungeon.
You were not hungry.

You visited 1 branch of the dungeon, and saw 3 of its levels.

You collected 46 gold pieces.

Inventory:

Hand Weapons
 a - a +0 war axe (weapon)
Armour
 b - a +0 scale mail
 c - a +0 shield (worn)
 e - a +0 ring mail (worn)
Scrolls
 i - a scroll of random uselessness {unknown}
 j - a scroll of enchant armour {unknown}
Potions
 d - a potion of might
 h - a potion of degeneration {unknown}
Comestibles
 f - a ration
 g - 2 chunks of flesh


   Skills:
 - Level 3.0 Fighting
 + Level 2.6 Axes
 - Level 2.4 Armour
 + Level 2.8 Shields


You had one spell level left.
You didn't know any spells.
Your spell library was empty.

Dungeon Overview and Level Annotations

Branches:
Dungeon (3/15)

Altars:
Makhleb


Innate Abilities, Weirdness & Mutations

You cannot wear boots.
Your serpentine skin is tough. (AC +0)
You have supernaturally acute eyesight. (SInv)
Armour fits poorly on your strangely shaped body.
Your system is resistant to poisons. (rPois)
You cover ground very slowly.
You have a slow metabolism.
You can spit poison.


Message History

Press: ? - help, Shift-Dir - straight line, f/p - adder
Aim: an adder (heavily wounded)
The splash of poison hits the adder.
The adder is almost dead.
You feel slightly more hungry. You block the adder's attack.
You barely miss the adder.
The adder is almost dead.
The adder barely misses you. The adder bites you.
You closely miss the adder.
The adder is almost dead.
The adder bites you. x2
Your shield and ring mail prevent you from hitting the adder.
The adder is almost dead.
The adder bites you but does no damage.
You hit the adder.
The adder is almost dead.
The adder bites you but does no damage. The adder bites you.
You can't do that yet.
Unknown command.
Are you sure you want to abandon this character and quit the game? (Confirm

# #. #. S.
#####.#######
.......<..S@#
######.######
... .....
######


You could see an adder.

Vanquished Creatures
  An adder (D:2)
  A worm (D:2)
  A giant cockroach (D:1)
  2 goblins
  A kobold (D:1)
  A rat (D:2)
7 creatures vanquished.

Notes
Turn   | Place    | Note
-------+----------+-------------------------------------------
     0 | D:1      | Duffy the Naga Fighter began the quest for the Orb.
     0 | D:1      | Reached XP level 1. HP: 21/21 MP: 1/1
   195 | D:2      | HP: 1/21 [worm (11)]
   209 | D:2      | Reached XP level 2. HP: 3/28 MP: 2/2
   630 | D:2      | Found a burning altar of Makhleb.
   630 | D:2      | Noticed a blizzard demon
   665 | D:3      | HP: 1/28 [adder (3)]
   666 | D:3      | Quit the game

Vault maps used:
D:1:      minmay_arrival_shoal_huts
D:2:      makhleb_altar_promises_db
D:3:      grunt_temple_overflow_growth_and_decay, uniq_natasha,
          uniq_crazy_yiuf_cottage

Action                   || total
-------------------------++-------
Melee: War axe           ||    39
 Abil: Spit Poison       ||     8
Armor: Scale mail        ||     3
       Ring mail         ||     7
Dodge: Dodged            ||     9
Block: Shield            ||    20

Table legend:
 A = Non-vault XP
 B = Vault XP
 C = Vault XP percentage of total XP
 D = Non-vault monster count
 E = Vault monster count
 F = Vault count percentage of total count
                 A         B        C        D         E       F
            +---------+---------+-------+---------+---------+-------
      Total |      28 |       0 |   0.0 |       7 |       0 |   0.0
            +---------+---------+-------+---------+---------+-------
        D:1 |       5 |       0 |   0.0 |       3 |       0 |   0.0
        D:2 |      21 |       0 |   0.0 |       3 |       0 |   0.0
        D:3 |       2 |       0 |   0.0 |       1 |       0 |   0.0
            +---------+---------+-------+---------+---------+-------
